 Dungeon Crawl Stone Soup version 0.25-a0-35-g747a2b3 (webtiles) character file.

Game seed: 1363557485221138943, levelgen mode: deterministic

3055 talyn the Carver (level 9, -1/56 HPs)
             Began as an Octopode Fighter on Oct 19, 2019.
             Was a High Priest of Ru.
             Slain by an elephant (15 damage)
             ... on level 9 of the Dungeon.
             The game lasted 00:37:09 (9338 turns).

talyn the Carver (Octopode Fighter)                 Turns: 9338, Time: 00:37:09

Health: -1/56      AC:  1    Str: 16    XL:     9   Next: 87%
Magic:  1/9        EV: 26    Int: 10    God:    Ru [*****.]
Gold:   498        SH: 10    Dex: 19    Spells: 2/8 levels left

rFire    x . .     SeeInvis .   a - +1 long sword
rCold    x . .     Gourm    +   i - +1 shield
rNeg     . . .     Faith    .   (helmet restricted)
rPois    .         Spirit   .   f - amulet of the gourmand
rElec    .         Reflect  .   h - +5 ring of evasion
rCorr    .         Harm     .   (no ring)
MR       .....                  (no ring)
Stlth    ++++......             (no ring)
HPRegen  0.18/turn              (no ring)
MPRegen  0.11/turn              (no ring)
                                (no ring)
                                (no ring)

@: agile, exhausted, drained
A: almost no armour, stealthy swim, amphibious, 8 rings, constrict 8, camouflage
1, gelatinous body 1, inexperienced 1, temperature sensitive
a: Draw Out Power, Power Leap, Apocalypse, Renounce Religion


You were on level 9 of the Dungeon.
You worshipped Ru.
Ru was extremely pleased with you.
You were completely stuffed.

You visited 2 branches of the dungeon, and saw 10 of its levels.
You also visited: Sewer.

You collected 498 gold pieces.

Inventory:

Hand Weapons
 a - a +1 long sword (weapon)
 b - a +2 hunting sling
Missiles
 g - 35 sling bullets
 v - 42 poisoned darts (quivered)
 B - 8 atropa-tipped darts
Armour
 i - a +1 shield (worn)
Jewellery
 f - an amulet of the gourmand (around mantle)
 h - a +5 ring of evasion (left tentacle)
 l - an uncursed ring of fire
 r - an uncursed ring of ice
Wands
 z - a wand of iceblast (20)
Scrolls
 n - a scroll of remove curse
 q - 6 scrolls of amnesia
 s - a scroll of magic mapping
 t - 3 scrolls of teleportation
 x - a scroll of fear
 y - a scroll of fog
 A - a scroll of vulnerability {unknown}
Potions
 e - 6 potions of heal wounds
 j - 3 potions of might
 k - 10 potions of curing
 m - 4 potions of brilliance
 o - 2 potions of mutation
 p - 3 potions of lignification
 u - 2 potions of ambrosia
 w - 2 potions of flight
 C - a potion of haste {unknown}
 D - a potion of invisibility {unknown}
Comestibles
 d - 12 rations


   Skills:
 - Level 3.0(1.9) Fighting
 * Level 10.7(9.3) Long Blades
 + Level 7.1(5.8) Slings
 + Level 8.1(6.8) Dodging
 - Level 3.0(1.9) Shields


You had 2 spell levels left.
You knew the following spells:

 Your Spells              Type           Power        Failure   Level  Hunger
a - Dazzling Spray        Conj/Hex       #.....       99%         3    ####...
b - Tukima's Dance        Hex            #.......     99%         3    ####...

Your spell library contained the following spells:

 Spells                   Type           Power        Failure   Level  Hunger
 Corona                   Hex            #......      90%         1    ##.....
 Ensorcelled Hibernation  Hex/Ice        #.....       97%         2    ###....
 Confuse                  Hex            #.......     99%         3    ####...


Dungeon Overview and Level Annotations

Branches:
Dungeon (9/15)             Temple (1/1) D:4           Sewer (visited)
   Lair: D:8-11         Orc: D:9-12

Altars:
Ashenzari
Cheibriados
Dithmenos
Elyvilon
Fedhas
Gozag
Hepliaklqana
Makhleb
Nemelex Xobeh
Qazlal
Ru
Sif Muna
Trog
Uskayaw
Vehumet
Wu Jian
Xom
Zin
The Shining One

Annotations:
D:8 exclusion: two-headed ogre
D:9 3 runed translucent doors, Hedningen's ghost, novice DsGl


Innate Abilities, Weirdness & Mutations

You cannot wear most types of armour.
You are very stealthy in the water. (Stealth+)
You are amphibious.
You can wear up to eight rings at the same time.
You can use your tentacles to constrict eight enemies at once.
Your skin changes colour to match your surroundings (Stealth+).
Your rubbery body absorbs attacks. (AC +1, EV +1)
You are somewhat inexperienced. (-2 XL)
You are sensitive to extremes of temperature. (rF-, rC-)


Message History

The elephant tramples you!
* * * LOW HITPOINT WARNING * * *
You stumble backwards!
An orc comes into view. It is wielding a +0 flail.
You reveal the great annihilating truth to your foes!
The elephant slows down under the weight of truth!
Reactivating autopickup.
You feel a bit more experienced.
You kill the orc priest!
You kill the orc! x2; You kill the crocodile!
You kill the orc priest!
You kill the orc!
You feel drained.
* * * LOW MAGIC WARNING * * *
You hear a shout! x4; You hear a screech!
You hear a shout! x8
You hear a roar!
You hear a shout!
The elephant tramples you but does no damage.
The elephant trunk-slaps you.
* * * LOW HITPOINT WARNING * * *
You feel agile all of a sudden. The elephant tramples you!
You die...

.# P....#.... 8. .## .# ....#
.... ). .... .
###...###...)##)###### #.##
.##<........ ....(...... ..
...........# .()......#..?......
......#........))o...#....##.....
......#.......##)##+#############
...............#Y#......○○☼.§§§..
...............#@################
...............#.#$$$$$.○○☼☼§§§..
.........#.###.#.################
............##................#
.............................##
........)....................# ##
.............................# #.
#....#.......................###.
##...#......................<....


You could see an elephant and an orc.

Vanquished Creatures
  A cyclops (D:8)
  2 hippogriffs
  A wyvern (D:9)
  A hungry ghost (D:8)
  6 yaks (D:6)
  3 orc warriors
  A phantom (D:6)
  A hornet zombie (D:5)
  3 ogres
  A centaur (D:5)
  A crocodile (D:9)
  2 big kobolds (Sewer)
  3 bullfrogs
  A gnoll sergeant (D:7)
  2 scorpions (D:9)
  A bullfrog zombie (D:8)
  A hound (D:9)
  7 orc priests
  A jelly (D:7)
  8 orc wizards
  A bullfrog skeleton (D:7)
  An iguana (D:7)
  7 worker ants
  A hound skeleton (D:8)
  A howler monkey skeleton (D:9)
  4 gnolls (D:7)
  7 river rats
  11 adders
  2 shadow imps
  3 adder skeletons
  3 worms
  4 dart slugs
  4 leopard geckos
  38 orcs
  11 ball pythons
  4 bats
  5 giant cockroaches
  7 hobgoblins
  4 jackals (D:3)
  17 kobolds
  6 quokkas
  4 frilled lizards
  6 goblins
  A jackal skeleton (D:7)
  A quokka zombie (D:8)
  29 rats
229 creatures vanquished.

Vanquished Creatures (others)
  A phantom (D:9)
  A plant (D:9)
2 creatures vanquished.

Grand Total: 231 creatures vanquished

Notes
Turn   | Place    | Note
-------+----------+-------------------------------------------
     0 | D:1      | talyn the Octopode Fighter began the quest for the Orb.
     0 | D:1      | Reached XP level 1. HP: 16/16 MP: 1/1
   551 | D:1      | Reached XP level 2. HP: 19/21 MP: 2/2
  1151 | D:2      | Reached skill level 3 in Long Blades
  1180 | D:2      | Reached XP level 3. HP: 26/26 MP: 3/3
  1829 | D:2      | Reached XP level 4. HP: 31/31 MP: 4/4
  2012 | D:3      | Reached skill level 1 in Slings
  2149 | D:3      | Reached skill level 4 in Long Blades
  2299 | D:3      | Reached XP level 5. HP: 36/36 MP: 5/5
  2349 | D:3      | Found an opulent altar of Gozag.
  2449 | D:3      | Found a glowing drain.
  2453 | Sewer    | Entered a sewer
  3039 | Sewer    | Noticed a big kobold
  3062 | Sewer    | Killed a big kobold
  3062 | Sewer    | Reached XP level 6. HP: 42/42 MP: 6/6
  3161 | Sewer    | Reached skill level 5 in Long Blades
  3605 | D:4      | Reached XP level 7. HP: 46/46 MP: 7/7
  3761 | D:4      | Found a burning altar of Makhleb.
  3957 | D:4      | Found a staircase to the Ecumenical Temple.
  3973 | Temple   | Entered the Ecumenical Temple
  4259 | Temple   | Became a worshipper of Ru the Awakened
  4423 | D:5      | Entered Level 5 of the Dungeon
  4622 | D:5      | Reached skill level 6 in Long Blades
  4622 | D:5      | Reached skill level 5 in Dodging
  5138 | D:5      | Found a shimmering altar of Xom.
  5490 | D:6      | Noticed a yak
  5491 | D:6      | Noticed a yak
  5491 | D:6      | Noticed a yak
  5501 | D:6      | Noticed a yak
  5505 | D:6      | Killed a yak
  5505 | D:6      | Reached XP level 8. HP: 27/52 MP: 8/8
  5505 | D:6      | Noticed a yak
  5506 | D:6      | Noticed a yak
  5512 | D:6      | Killed a yak
  5512 | D:6      | Reached skill level 7 in Long Blades
  5521 | D:6      | Killed a yak
  5524 | D:6      | Killed a yak
  5530 | D:6      | Killed a yak
  5530 | D:6      | Reached skill level 8 in Long Blades
  5558 | D:6      | Killed a yak
  5558 | D:6      | Reached skill level 5 in Slings
  5558 | D:6      | Reached XP level 9. HP: 13/56 MP: 9/9
  6240 | D:6      | Learned a level 3 spell: Dazzling Spray
  6244 | D:6      | Learned a level 3 spell: Tukima's Dance
  6267 | D:6      | Gained mutation: You are somewhat inexperienced. (-2 XL)
                  | [Ru sacrifice]
  6267 | D:6      | Reached XP level 8. HP: 52/52 MP: 8/8
  6267 | D:6      | Reached XP level 7. HP: 46/46 MP: 7/7
  6267 | D:6      | Reached * piety under Ru
  6267 | D:6      | Reached ** piety under Ru
  7114 | D:7      | Reached skill level 9 in Long Blades
  7114 | D:7      | Reached XP level 8. HP: 43/52 MP: 8/8
  7167 | D:7      | Noticed a hippogriff
  7178 | D:7      | Killed a hippogriff
  7178 | D:7      | Identified the +5 ring mail "Wiotam Paam" {rElec Str+3}
  7901 | D:8      | Noticed a cyclops
  7917 | D:8      | Killed a cyclops
  7917 | D:8      | Reached skill level 10 in Long Blades
  7917 | D:8      | Reached XP level 9. HP: 48/56 MP: 9/9
  7981 | D:8      | Noticed a two-headed ogre
  8533 | D:8      | Gained mutation: You are sensitive to extremes of
                  | temperature. (rF-, rC-) [Ru sacrifice]
  8533 | D:8      | Reached *** piety under Ru
  8533 | D:8      | Reached **** piety under Ru
  8533 | D:8      | Reached ***** piety under Ru
  9131 | D:9      | Found a runed translucent gate.
  9137 | D:9      | Found a runed translucent gate.
  9137 | D:9      | Noticed Hedningen's ghost (novice DsGl)
  9137 | D:9      | Noticed an 11-headed hydra
  9138 | D:9      | Found a runed translucent gate.
  9328 | D:9      | Noticed an elephant
  9338 | D:9      | Slain by an elephant

Levels and vault maps discovered:
D:1:      lightli_arrival_farm, layout_basic, minmay_small_reverse_x
D:2:      layout_loops_ring, chequers_serial_rivers_room_a
D:3:      layout_rooms, nicolae_overflow_hidden_temple, gup_sewer_entry_bowl
D:4:      layout_rooms, minmay_temple_entry_mist, bloody_makhleb
D:5:      layout_loops_ring, first_ration, lemuel_statue_altar
D:6:      layout_basic
D:7:      layout_rooms
D:8:      layout_gridville
D:9:      lemuel_ice_spiral_2, layout_basic, david_lair_generic,
          hiddenorc2_lemuel, gammafunk_ghost_hydra_chop
Temple:   hc_temple_tempest_star

Skill      XL: |  1  2  3  4  5  6  7  8  9 |
---------------+----------------------------+-----
Long Blades    | 3 4 5 9 10 | 10.7
Slings         | 1 2 3 6 7 |  7.1
Dodging        | 4 5 7 8 |  8.1
Fighting       | |  3.0
Shields        | |  3.0

Action                   |  1- 3 |  4- 6 |  7- 9 || total
-------------------------+-------+-------+-------++-------
Melee: Long sword        |    32 |    55 |   253 ||   340
       Constrict         |     9 |    17 |    47 ||    73
       Tentacles         |     7 |    11 |    65 ||    83
 Fire: Hunting sling     |    33 |   148 |   239 ||   420
Throw: Stone             |     1 |       |       ||     1
       Dart              |       |       |     5 ||     5
Invok: Sacrifice Experie |       |       |     1 ||     1
       Apocalypse        |       |       |     1 ||     1
       Sacrifice Resista |       |       |     1 ||     1
  Use: Scroll            |     4 |     7 |    13 ||    24
       Potion            |       |     1 |     4 ||     5
 Stab: Sleeping          |     4 |       |     2 ||     6
       Distracted        |       |       |     2 ||     2
  Eat: Chunk             |     3 |     2 |    31 ||    36
       Ration            |       |     1 |       ||     1
Armor: Skin              |     1 |     3 |     1 ||     5
Dodge: Dodged            |    19 |    57 |   111 ||   187
Block: Shield            |    12 |    34 |   105 ||   151
       Rpst.: Long sword |     5 |    12 |    30 ||    47

Table legend:
 A = Non-vault XP
 B = Vault XP
 C = Vault XP percentage of total XP
 D = Non-vault monster count
 E = Vault monster count
 F = Vault count percentage of total count
                 A         B        C        D         E       F
            +---------+---------+-------+---------+---------+-------
      Total |    5643 |     636 |  10.1 |     162 |      68 |  29.6
            +---------+---------+-------+---------+---------+-------
        D:1 |      18 |      10 |  35.7 |      12 |       4 |  25.0
        D:2 |      69 |       0 |   0.0 |      18 |       0 |   0.0
        D:3 |      70 |      20 |  22.2 |      26 |       4 |  13.3
        D:4 |     185 |       0 |   0.0 |      12 |       0 |   0.0
        D:5 |     582 |       0 |   0.0 |      21 |       0 |   0.0
        D:6 |    1580 |       0 |   0.0 |      19 |       0 |   0.0
        D:7 |     945 |       0 |   0.0 |      20 |       0 |   0.0
        D:8 |    1461 |       0 |   0.0 |      22 |       0 |   0.0
        D:9 |     733 |     288 |  28.2 |      12 |      12 |  50.0
      Sewer |       0 |     318 | 100.0 |       0 |      48 | 100.0
            +---------+---------+-------+---------+---------+-------
